 Dungeon Crawl Stone Soup version 0.14-a0-2019-gd9bc7f0 (webtiles) character file.

5667 Nicoed the Fighter (level 10, -1/91 HPs)
             Began as a Minotaur Fighter on Jan 19, 2014.
             Was an Elder of Okawaru.
             Splashed by a brown ugly thing's acid (10 damage)
             ... on Level 9 of the Dungeon.
             The game lasted 00:34:40 (10071 turns).

Nicoed the Fighter (Minotaur Fighter)              Turns: 10071, Time: 00:34:40

HP  -1/91        AC 13     Str 25      XL: 10   Next: 35%
MP   1/1         EV  8     Int  5      God: Okawaru [****..]
Gold 427         SH  0     Dex  9      Spells:  0 memorised,  9 levels left

rFire  . . .     SeeInvis .     B - +4 falchion of Excruciating Pain {antimagic, +Rage rN+}
rCold  . . .     Clarity  +     h - +2 orc chain mail {rPois}
rNeg   + . .     Conserve .     (no shield)
rPois  +         rCorr    .     (helmet restricted)
rElec  .         rRot     .     x - -1 cloak
SustAb . .       Spirit   .     (no gloves)
rMut   .         Warding  .     (no boots)
Saprov . . .     Stasis   .     t - amulet of clarity
MR     .....                    (no ring)
                                (no ring)

@: exhausted, slowed, very slow, not resistant to hostile enchantments,
extremely unstealthy
A: retaliatory headbutt, horns 2
a: Heroism, Renounce Religion, Evoke Berserk Rage


You were on level 9 of the Dungeon.
You worshipped Okawaru.
Okawaru was greatly pleased with you.
You were hungry.

You visited 2 branches of the dungeon, and saw 10 of its levels.

You collected 507 gold pieces.
You spent 80 gold pieces at shops.

Inventory:

Hand weapons
 a - a +0,+5 falchion of slicing
 n - the -2,+4 lajatang "Yhiqujas" {slice, rF+ rC+}
   (You found it on level 9 of the Dungeon)

   It inflicts extra damage upon your enemies.
   It protects you from fire.
   It protects you from cold.
 B - the +4,+4 falchion of Excruciating Pain (weapon) {antimagic, +Rage rN+}
   (You found it on level 7 of the Dungeon)

   It disrupts the flow of magical energy around spellcasters and certain
   magical creatures (including the wielder).
   It protects you from negative energy.
   It lets you go berserk.
Armour
 h - a +2 orcish chain mail of poison resistance (worn)
 x - a -1 cloak (worn)
Magical devices
 m - a wand of magic darts (3)
 r - a wand of paralysis (11)
 D - a wand of lightning (7) {unknown}
 E - a wand of cold (8) {unknown}
 G - a wand of lightning (1) {unknown}
Comestibles
 o - 3 meat rations
Scrolls
 i - 2 scrolls of remove curse
 j - a scroll of enchant weapon II
 p - a scroll of fog {unknown}
 q - 5 scrolls of teleportation
 w - 2 scrolls of curse armour {unknown}
 y - 5 scrolls of amnesia {unknown}
 z - 2 scrolls of recharging
 A - a scroll of immolation {unknown}
 F - a scroll of enchant armour {unknown}
Jewellery
 t - an amulet of clarity (around neck)
Potions
 e - 3 potions of curing
 f - a potion of might
 g - 2 potions of mutation
 k - 3 potions of agility
 l - a potion of lignification
 u - a potion of brilliance
 v - a potion of magic
 H - a potion of cure mutation {unknown}
Books
 b - a book of Battle

   Spells                             Type                      Level
   Infusion                           Charms                       1
   Shroud of Golubria                 Charms/Translocation         2
   Song of Slaying                    Charms                       2
   Spectral Weapon                    Hexes/Charms                 3
   Regeneration                       Charms/Necromancy            3
 c - a book of Geomancy

   Spells                             Type                      Level
   Sandblast                          Earth                        1
   Stoneskin                          Transmutation/Earth          2
   Passwall                           Transmutation/Earth          3
   Stone Arrow                        Conjuration/Earth            3
   Petrify                            Transmutation/Earth          4
   Lee's Rapid Deconstruction         Earth                        5
 C - a book of Frost

   Spells                             Type                      Level
   Freeze                             Ice                          1
   Throw Frost                        Conjuration/Ice              2
   Ozocubu's Armour                   Charms/Ice                   3
   Throw Icicle                       Conjuration/Ice              4
   Summon Ice Beast                   Ice/Summoning                4
   Condensation Shield                Ice                          4


   Skills:
 + Level 9.5 Fighting
 + Level 8.5 Long Blades
 + Level 9.2 Armour
 + Level 7.4 Dodging
   Level 8.5 Shields


You had 9 spell levels left.
You didn't know any spells.

Dungeon Overview and Level Annotations

Branches:
Dungeon (9/16)             Temple (1/1) D:5            Lair (0/8) D:8
    Orc: D:9-12

Altars:
Ashenzari
Cheibriados
Dithmengos
Elyvilon
Fedhas
Kikubaaqudgha
Makhleb
Nemelex Xobeh
Okawaru
Sif Muna
Trog
Vehumet
Xom
Yredelemnul
Zin
the Shining One

Shops:
D:7 [   D:8 *


Innate Abilities, Weirdness & Mutations

You reflexively headbutt those who attack you in melee.
You have a pair of horns on your head.


Message History

* * * LOW HITPOINT WARNING * * *
The brown ugly thing barely misses you.
The crimson imp hits you but does no damage.
You barely miss the brown ugly thing.
The brown ugly thing is heavily wounded.
The brown ugly thing barely misses you.
The brown ugly thing claws you but does no damage.
The crimson imp barely misses you.
The brown ugly thing pecks you but does no damage.
You hit the brown ugly thing. You headbutt the brown ugly thing.
The brown ugly thing is severely wounded.
The brown ugly thing claws you!
* * * LOW HITPOINT WARNING * * *
You are splashed with acid!
The acid burns!
* * * LOW HITPOINT WARNING * * *
The crimson imp hits you but does no damage.
The brown ugly thing barely misses you. The brown ugly thing claws you!
* * * LOW HITPOINT WARNING * * *
You are splashed with acid!
The acid burns!
You die...

.....## #.## ......## ### ###
...# ...#.#.## ##.###.###...#
........# ##...#...#...#
.#.#.#.## #..........%.#.###
....########................#
...######.............#.#....
....##.#......#u.....#.......
........#......#@...#........
....##.#.......u#5..........
....#..................#...
.................)....#...
.........................
.........}...............
........................
.......................
......................


You could see 2 ugly things and a crimson imp.

Vanquished Creatures
  Psyche (D:9)
  A wyvern (D:9)
  3 ugly things (D:9)
  A hippogriff (D:7)
  2 sky beasts (D:7)
  2 orc warriors (D:6)
  5 ice beasts
  9 ogres
  3 phantoms
  2 centaurs (D:7)
  4 giant frogs
  5 big kobolds (D:5)
  6 wights
  2 crimson imps
  A goliath beetle (D:7)
  5 orc priests
  2 jellies
  7 orc wizards
  A hound (D:8)
  A two-headed ogre skeleton (D:8)
  6 worker ants
  A centaur skeleton (D:7)
  An iguana (D:4)
  2 scorpions (D:8)
  A gnoll shaman (D:4)
  Ijyb (D:2)
  Jessica (D:2)
  A big kobold zombie (D:9)
  Terence (D:3)
  2 mummies (D:6)
  A worker ant zombie (D:5)
  7 adders
  11 gnolls
  4 giant mites
  A green rat (D:3)
  An inept feature mimic (D:3)
  2 giant eyeballs
  3 giant geckos
  2 oozes
  33 orcs
  2 ball pythons (D:4)
  A bat skeleton (D:8)
  2 giant cockroaches
  44 goblins
  44 hobgoblins
  14 jackals
  18 bats
  2 giant newts
  A hobgoblin zombie (D:5)
  A jackal zombie (D:9)
  11 kobolds
  2 orc skeletons
  An orc zombie (D:8)
  A quokka (D:2)
  13 rats
  A rat skeleton (D:6)
  2 fungi
305 creatures vanquished.

Notes
Turn   | Place    | Note
--------------------------------------------------------------
     0 | D:1      | Nicoed, the Minotaur Fighter, began the quest for the Orb.
     0 | D:1      | Reached XP level 1. HP: 19/19 MP: 1/1
   233 | D:1      | Reached XP level 2. HP: 27/27 MP: 1/1
   728 | D:2      | Reached skill level 1 in Dodging
   733 | D:2      | Reached skill level 4 in Fighting
   960 | D:2      | Noticed Ijyb
   970 | D:2      | Killed Ijyb
   970 | D:2      | Reached XP level 3. HP: 26/33 MP: 2/2
  1079 | D:2      | Reached XP level 4. HP: 33/40 MP: 2/2
  1146 | D:2      | Found a bloodstained altar of Trog.
  1199 | D:2      | Noticed Jessica
  1203 | D:2      | Killed Jessica
  1337 | D:3      | Noticed Terence
  1349 | D:3      | Killed Terence
  1665 | D:3      | Found a shadowy altar of Dithmengos.
  1689 | D:3      | Reached XP level 5. HP: 45/47 MP: 2/2
  2384 | D:4      | Noticed an ogre
  2394 | D:4      | Killed an ogre
  2394 | D:4      | Reached skill level 5 in Armour
  2394 | D:4      | Reached skill level 5 in Shields
  2394 | D:4      | Reached XP level 6. HP: 43/55 MP: 3/3
  2420 | D:4      | Reached skill level 5 in Fighting
  2757 | D:4      | Noticed an ogre
  2758 | D:4      | Noticed an ogre
  2763 | D:4      | Killed an ogre
  2767 | D:4      | Killed an ogre
  2767 | D:4      | Reached XP level 7. HP: 14/61 MP: 3/3
  3170 | D:4      | Noticed an ogre
  3175 | D:4      | Killed an ogre
  3752 | D:5      | Entered Level 5 of the Dungeon
  3820 | D:5      | Reached skill level 6 in Fighting
  4128 | D:5      | Found a staircase to the Ecumenical Temple.
  4163 | Temple   | Entered the Ecumenical Temple
  4257 | Temple   | Became a worshipper of Warmaster Okawaru
  4338 | D:5      | Found a sparkling altar of Nemelex Xobeh.
  4509 | D:5      | Reached skill level 5 in Long Blades
  4530 | D:5      | Reached XP level 8. HP: 39/71 MP: 3/3
  5359 | D:5      | Reached skill level 7 in Fighting
  5359 | D:5      | Reached skill level 5 in Dodging
  5444 | D:5      | Acquired Okawaru's first power
  6424 | D:6      | Reached XP level 9. HP: 37/79 MP: 1/4
  7111 | D:6      | Found a bloodstained altar of Trog.
  7239 | D:7      | Reached skill level 8 in Fighting
  7598 | D:7      | Got a jewelled falchion
  7613 | D:6      | Identified the +4,+4 falchion of Excruciating Pain {antimagic, +Rage rN+} (You found it on level 7 of the Dungeon)
  8129 | D:7      | Found Hyiqoi's Armour Shop.
  8375 | D:7      | Paralysed by a giant eyeball for 3 turns
  8383 | D:7      | Paralysed by a giant eyeball for 3 turns
  8437 | D:8      | Found a staircase to the Lair.
  8678 | D:8      | Paralysed by a giant eyeball for 3 turns
  9288 | D:8      | Found Psejer's Assorted Antiques.
  9297 | D:8      | Reached skill level 9 in Fighting
  9297 | D:8      | Reached XP level 10. HP: 76/91 MP: 1/4
  9308 | D:8      | Bought a scroll of identify for 40 gold pieces
  9308 | D:8      | Bought a scroll of identify for 40 gold pieces
  9927 | D:9      | Got an encrusted lajatang
  9939 | D:9      | Identified the cursed -2,+4 lajatang "Yhiqujas" {slice, rF+ rC+} (You found it on level 9 of the Dungeon)
 10046 | D:9      | Noticed Psyche
 10063 | D:9      | Killed Psyche
 10071 | D:9      | Splashed by a brown ugly thing's acid

Action                   |  1- 3 |  4- 6 |  7- 9 | 10-12 || total
-------------------------+-------+-------+-------+-------++-------
Melee: Falchion          |   109 |   165 |   660 |    87 ||  1021
Invok: Heroism           |       |       |     3 |       ||     3
 Abil: Evoke Berserk Rag |       |       |     1 |     3 ||     4
Evoke: Wand              |       |     2 |    12 |     1 ||    15
  Use: Scroll            |       |     2 |     5 |     7 ||    14
       Potion            |       |     2 |     1 |     1 ||     4
